 Seeded DCSS version 0.30.0-11-gf55b779eaf (webtiles) character file.

Game seed: 9045609903821045987 (custom seed)

2611 GigaChad the Cleaver (level 9, 0/71 HPs)
             Began as a Formicid Fighter on May 17, 2023.
             Was an Initiate of Gozag.
             Slain by a two-headed ogre
             ... wielding a +0 giant club
              (18 damage)
             ... on level 8 of the Dungeon.
             The game lasted 00:08:49 (6267 turns).

GigaChad the Cleaver (Formicid Fighter)             Turns: 6267, Time: 00:08:50

Health: 0/71       AC: 34    Str: 25    XL:     9   Next: 90%
Magic:  9/9        EV:  4    Int:  8    God:    Gozag
Gold:   156        SH:  5    Dex: 13    Spells: 8/8 levels left

rFire   + . .        a - +2 war axe
rCold   . . .        c - +0 buckler
rNeg    . . .        C - +8 crystal plate armour of Kuepead {Rampage rC- Slay+3}
rPois   .            (helmet unavailable)
rElec   .            k - scarf {rC+ rF+}
rCorr   .            (no gloves)
SInv    +            (no boots)
Will    .....        (no amulet) Stlth
                     j - +4 ring of protection
HPRegen 0.31/turn    o - +4 ring of protection
MPRegen 0.11/turn

%: rampage
@: studying Axes
A: permanent stasis, dig shafts and tunnels, antennae 3, four strong arms
a: Dig, Shaft Self, Renounce Religion, Potion Petition, Call Merchant, Bribe
Branch


You were on level 8 of the Dungeon.
You worshipped Gozag.
Gozag was aware of your devotion.
You visited 2 branches of the dungeon, and saw 9 of its levels.

You collected 828 gold pieces.
You spent 582 gold pieces at shops.
You paid 90 gold pieces to Gozag.

Inventory:

Hand Weapons
 a - a +2 war axe (weapon)
 x - a +2 quarterstaff of chaos
 H - the +2 spear "Unesk" {spect, *Noise rC++ Dex+3}
   (You bought it in a shop on level 3 of the Dungeon)

   Dex:       It affects your dexterity (+3).
   rC:        It greatly protects you from cold.
   *Noise:    It may make noises in combat.
Missiles
 A - a throwing net
Armour
 b - a +0 scale mail
 c - a +0 buckler (worn)
 e - a +0 chain mail
 k - a scarf of resistance (worn)
 s - a +0 plate armour
 y - a +1 cloak
 C - the +8 crystal plate armour of Kuepead (worn) {Rampage rC- Slay+3}
   (You acquired it on level 8 of the Dungeon)

   Slay:      It affects your accuracy & damage with ranged weapons and melee
   (+3).
   rC:        It makes you vulnerable to cold.
   Rampage:   It bestows one free step when moving towards enemies.
Jewellery
 j - a +4 ring of protection (left hand)
 o - a +4 ring of protection (right hand)
 q - an amulet of faith
 t - a ring of wizardry
 w - a ring of protection from cold
Wands
 z - a wand of flame (30)
 D - a wand of roots (6)
Scrolls
 m - 5 scrolls of identify
 p - a scroll of blinking
 r - a scroll of amnesia
 F - a scroll of enchant weapon
Potions
 d - 2 potions of might
 f - 5 potions of curing
 g - 3 potions of flight
 h - 2 potions of heal wounds {unknown}
 i - a potion of mutation {unknown}
 l - 2 potions of lignification {unknown}
 n - 5 potions of haste {unknown}
 u - a potion of cancellation {unknown}
 v - 2 potions of ambrosia {unknown}
 B - a potion of attraction {unknown}
 E - a potion of magic {unknown}
 G - a potion of brilliance {unknown}


   Skills:
 * Level 6.6 Fighting
 * Level 12.4 Axes
 * Level 6.8 Armour
 * Level 6.9 Shields


You had 8 spell levels left.
You didn't know any spells.
Your spell library contained the following spells:

 Spells                   Type           Power      Damage    Failure   Level
 Lesser Beckoning         Tloc           0%         N/A       100%        2
 Momentum Strike          Conj/Tloc      0%         3d8       100%        2
 Gell's Gravitas          Tloc           0%         N/A       100%        3
 Summon Guardian Golem    Hex/Summ       0%         N/A       100%        3
 Teleport Other           Tloc           0%         N/A       100%        3
 Arcjolt                  Conj/Air       0%         1d10      100%        5
 Conjure Ball Lightning   Conj/Air       0%         3x3d6     100%        6
 Plasma Beam              Fire/Air       0%         2x1d11    100%        6
 Orb of Destruction       Conj           0%         9d5       100%        7
 Spellforged Servitor     Conj/Summ      0%         N/A       100%        7
 Discord                  Hex            0%         N/A       100%        8
 Disjunction              Tloc           0%         N/A       100%        8
 Blink                    Tloc           Unusable   N/A       N/A         2
 Vhi's Electric Charge    Tloc/Air       Unusable   N/A       N/A         3

Dungeon Overview and Level Annotations

Branches:
Dungeon (8/15)             Temple (1/1) D:5
   Lair: D:8-11

Altars:
Cheibriados
Dithmenos
Elyvilon
Gozag
Hepliaklqana
Nemelex Xobeh
Okawaru
Qazlal
Ru
Uskayaw
Vehumet
Wu Jian
Xom
Yredelemnul
The Shining One

Shops:
D:3 (   D:5 (   D:6 *   D:7 :


Innate Abilities, Weirdness & Mutations

You cannot be hasted, slowed, berserked, paralysed or teleported.
You can dig through walls and to a lower floor.
You have a pair of large antennae on your head. (SInv)
Your four strong arms can wield two-handed weapons with a shield.


Message History

Found a stone staircase leading down.
Found a scroll of torment and a robe.
Key pressed, stopping explore.
No target in view!
No target in view!
No target in view!
Unknown command.
No target in view!
A two-headed ogre comes into view. It is wielding two +0 giant clubs.
The two-headed ogre shouts in stereo!
A two-headed ogre is nearby!
A two-headed ogre is nearby!
Found 5 stones and a scroll of identify.
The two-headed ogre hits you with a +0 giant club!!
The two-headed ogre hits you but does no damage.
You slash the two-headed ogre!
The two-headed ogre is moderately wounded.
You slash the two-headed ogre!
The two-headed ogre is heavily wounded.
The two-headed ogre hits you with a +0 giant club!!
The two-headed ogre hits you with a +0 giant club!
* * * LOW HITPOINT WARNING * * *
You are too injured to fight recklessly!
You are too injured to fight recklessly!
You are too injured to fight recklessly!
You are too injured to fight recklessly!
You are too injured to fight recklessly!
You are too injured to fight recklessly!
You are too injured to fight recklessly!
You are too injured to fight recklessly!
You completely miss the two-headed ogre.
The two-headed ogre is heavily wounded.
The two-headed ogre hits you with a +0 giant club.
* * * LOW HITPOINT WARNING * * *
The two-headed ogre hits you but does no damage.
You completely miss the two-headed ogre.
The two-headed ogre is heavily wounded.
The two-headed ogre hits you with a +0 giant club!!
You die...
Your body crumbles into a pile of gold.

#.# #.# #.# #.# #.######
##......####
#..........###
#............##
#......[...@..#
#......?...O....... #
##..............(.. ##
#....>............ .##
##.................
..####..................
...##..#................
...##.###.........?.....
.....## #........


You could see a two-headed ogre.

Vanquished Creatures
  Grinder (D:5)
  A hornet (D:7)
  Edmund (D:5)
  A water moccasin (D:7)
  An acid dragon (D:7)
  An ice beast (D:5)
  A sky beast (D:4)
  A black bear (D:5)
  2 ogres (D:5)
  A centaur (D:8)
  2 scorpions (D:5)
  2 bullfrogs
  2 gnoll sergeants
  5 wights (D:7)
  A howler monkey (D:7)
  2 jellies
  3 hounds
  An orc priest (D:7)
  Crazy Yiuf (D:6)
  3 orc wizards
  4 iguanas
  Robin (D:2)
  9 gnolls
  A river rat (D:4)
  5 adders
  A white imp (D:5)
  2 ufetubi (D:6)
  2 worms
  5 dart slugs
  25 orcs
  8 endoplasms
  4 giant cockroaches
  6 goblins
  13 hobgoblins
  A jackal (D:3)
  5 quokkas
  11 ball pythons
  2 bats (D:3)
  6 frilled lizards
  6 kobolds
  9 rats
159 creatures vanquished.

Notes
Turn   | Place    | Note
-------+----------+-------------------------------------------
     0 | D:1      | GigaChad the Formicid Fighter began the quest for the Orb.
     0 | D:1      | Reached XP level 1. HP: 18/18 MP: 1/1
   197 | D:1      | Reached XP level 2. HP: 20/24 MP: 2/2
   463 | D:1      | Reached XP level 3. HP: 29/29 MP: 3/3
   628 | D:2      | Noticed Robin
   653 | D:2      | Killed Robin
   662 | D:2      | Reached XP level 4. HP: 35/37 MP: 4/4
   803 | D:2      | Reached skill level 3 in Axes
  1411 | D:3      | Found Pepne's Weapon Shop.
  1431 | D:3      | Found a shadowy altar of Dithmenos.
  1514 | D:3      | Found a glowing golden altar of the Shining One.
  1789 | D:3      | Reached XP level 5. HP: 32/42 MP: 5/5
  1836 | D:3      | Found an iron altar of Okawaru.
  1868 | D:3      | Found a radiant altar of Vehumet.
  1949 | D:4      | Noticed a bullfrog
  1958 | D:4      | Killed a bullfrog
  1959 | D:4      | Reached skill level 4 in Axes
  2149 | D:4      | Found a stormy altar of Qazlal.
  2180 | D:4      | Reached XP level 6. HP: 43/48 MP: 6/6
  2540 | D:4      | Noticed a sky beast
  2549 | D:4      | Killed a sky beast
  2641 | D:4      | Reached skill level 5 in Axes
  2745 | D:5      | Entered Level 5 of the Dungeon
  2751 | D:5      | Noticed an ogre
  2758 | D:5      | Killed an ogre
  2759 | D:5      | Reached XP level 7. HP: 22/55 MP: 7/7
  2777 | D:5      | Reached skill level 5 in Shields
  2811 | D:5      | Reached skill level 6 in Axes
  2949 | D:5      | Found a staircase to the Ecumenical Temple.
  2974 | Temple   | Entered the Ecumenical Temple
  2988 | Temple   | Became a worshipper of Gozag Ym Sagoz the Greedy
  3004 | D:5      | Noticed Grinder
  3018 | D:5      | Reached skill level 7 in Axes
  3023 | D:5      | Killed Grinder
  3024 | D:5      | Reached skill level 5 in Fighting
  3024 | D:5      | Reached skill level 8 in Axes
  3024 | D:5      | Reached skill level 5 in Armour
  3024 | D:5      | Reached XP level 8. HP: 50/62 MP: 8/8
  3232 | D:5      | Found a snail-covered altar of Cheibriados.
  3405 | D:5      | Found Peluos's Weapon Emporium.
  3794 | D:5      | Reached skill level 9 in Axes
  3850 | D:5      | Noticed Edmund
  3862 | D:5      | Killed Edmund
  4038 | D:6      | Found a shimmering altar of Xom.
  4125 | D:6      | Reached skill level 10 in Axes
  4284 | D:6      | Reached XP level 9. HP: 66/69 MP: 9/9
  4416 | D:6      | Found Dyinn's Assorted Antiques.
  4463 | D:6      | Found a runed translucent door.
  4463 | D:6      | Found the +6 shillelagh "Devastator" {shatter}
  4464 | D:6      | Noticed Crazy Yiuf
  4471 | D:6      | Killed Crazy Yiuf
  4617 | D:6      | Found a hazy altar of Hepliaklqana.
  4664 | D:7      | Found a hide-covered altar of Uskayaw.
  4883 | D:7      | Reached skill level 11 in Axes
  5068 | D:7      | Noticed a hornet
  5078 | D:7      | Killed a hornet
  5240 | D:7      | Found Guler's Book Shoppe.
  5370 | D:7      | Found a sparkling altar of Nemelex Xobeh.
  5429 | D:7      | Reached skill level 12 in Axes
  5745 | D:7      | Found a white marble altar of Elyvilon.
  5972 | D:3      | Bought the +2 spear "Unesk" {spect, *Noise rC++ Dex+3} for
                  | 582 gold pieces
  6093 | D:8      | Found a basalt altar of Yredelemnul.
  6149 | D:8      | Identified a scroll of acquirement
  6149 | D:8      | Acquired the +8 crystal plate armour of Kuepead {Rampage
                  | rC- Slay+3}
  6259 | D:8      | Noticed a two-headed ogre
  6267 | D:8      | Slain by a two-headed ogre

Illustrated notes

Levels and vault maps discovered:
D:1:      eino_arrival_tree_alley, layout_rooms, minmay_misc_feat_tower
D:2:      minmay_general_purpose_star, layout_loops_ring, uniq_robin
D:3:      layout_rooms, mainiacjoe_overflow_alcove_1, grunt_dithmenos_smoke,
          okawaru_gym_becter, lemuel_tele_altar, serial_shops, shop,
          kennysheep_generic_room_10
D:4:      layout_cave_pools, mainiacjoe_overflow_alcove_2,
          gup_sewer_entry_spiral, hangedman_abyss_or_decor_slice,
          minmay_manual_macuahuitl
D:5:      layout_basic, cheibriados_altar_1, minmay_temple_entry_sparse_star,
          serial_shops, shop, uniq_edmund, uniq_grinder
D:6:      cheibrodos_iron_armory, layout_rooms, xom_teletrap_fun,
          nicolae_hepliaklqana_hippocampus, serial_shops, shop,
          uniq_crazy_yiuf_cottage
D:7:      layout_loops_cross, mainiacjoe_overflow_concentric_impassable,
          serial_shops, shop, hangedman_feature_mirror
D:8:      layout_cave_pods, mainiacjoe_overflow_tiny_flanked,
          hellmonk_ghost_happy_afterlife
Temple:   hellmonk_temple_flake

Skill      XL: |  1  2  3  4  5  6  7  8  9 |
---------------+----------------------------+-----
Axes           | 3 4 5 8 10 12 | 12.4
Fighting       | 4 5 6 |  6.6
Armour         | 4 5 6 |  6.8
Shields        | 5 6 |  6.9

Action                     |  1- 3 |  4- 6 |  7- 9 || total
---------------------------+-------+-------+-------++-------
  Melee: War axe           |    76 |   161 |   258 ||   495
    Use: Scroll            |     2 |     7 |     2 ||    11
 Armour: Scale mail        |    19 |       |       ||    19
         Chain mail        |    16 |    67 |       ||    83
         Plate armour      |       |    16 |   134 ||   150
         Crystal plate arm |       |       |    12 ||    12
  Dodge: Dodged            |    20 |    68 |    68 ||   156
  Block: Buckler           |     9 |    31 |    53 ||    93
